 Dungeon Crawl Stone Soup version 0.25.1-9-gc5326a611f (webtiles) character file.

Game seed: 16173896718279805291

63 Clowwww the Skirmisher (level 4, -1/48 HPs)
             Began as an Ogre Fighter on Jan 4, 2021.
             Slain by Grinder (6 damage)
             ... on level 3 of the Dungeon.
             The game lasted 00:04:10 (2085 turns).

Clowwww the Skirmisher (Ogre Fighter)               Turns: 2085, Time: 00:04:10

Health: -1/48      AC:  3    Str: 20    XL:     4   Next: 9%
Magic:  4/4        EV:  8    Int:  9    God:
Gold:   102        SH:  8    Dex:  9    Spells: 3/3 levels left

rFire    . . .     SeeInvis .   a - +0 war axe
rCold    . . .     Gourm    .   c - +0 kite shield
rNeg     . . .     Faith    .   b - +0 robe
rPois    .         Spirit   .   (helmet restricted)
rElec    .         Reflect  .   (no cloak)
rCorr    .         Harm     .   (gloves unavailable)
MR       .....                  (boots unavailable)
Stlth    +.........             (no amulet)
HPRegen  0.16/turn              (no ring)
MPRegen  0.09/turn              (no ring)

@: mighty
A: large, unfitting armour, tough skin 1
a: no special abilities


You were on level 3 of the Dungeon.
You were not hungry.

You visited 1 branch of the dungeon, and saw 3 of its levels.

You collected 102 gold pieces.

Inventory:

Hand Weapons
 a - a +0 war axe (weapon)
Missiles
 i - 5 boomerangs (quivered)
 p - 4 boomerangs of dispersal
Armour
 b - a +0 robe (worn)
 c - a +0 kite shield (worn)
Jewellery
 n - an uncursed amulet of guardian spirit {unknown}
Scrolls
 d - a scroll of immolation {unknown}
 e - 8 scrolls of identify {unknown}
 h - a scroll of enchant weapon {unknown}
 j - a scroll of fog {unknown}
 q - a scroll of blinking {unknown}
 r - a scroll of teleportation {unknown}
Potions
 k - 3 potions of heal wounds {unknown}
 l - a potion of cancellation {unknown}
 m - a potion of flight {unknown}
 o - a potion of curing {unknown}
 s - a potion of haste {unknown}
 t - a potion of brilliance {unknown}
Comestibles
 f - 6 rations
 g - 3 chunks of flesh


   Skills:
 + Level 4.2 Fighting
 * Level 2.9 Axes
 + Level 3.1 Dodging
 + Level 0.3 Stealth
 + Level 3.2 Shields


You had 3 spell levels left.
You didn't know any spells.
Your spell library was empty.

Dungeon Overview and Level Annotations

Branches:
Dungeon (3/15)

Altars:
Ashenzari

Annotations:
D:3 Grinder


Innate Abilities, Weirdness & Mutations

You are too large for most types of armour.
You have tough skin. (AC +1)


Message History

You closely miss the orc.
The orc is lightly wounded.
The orc closely misses you.
You closely miss the orc.
The orc is lightly wounded.
The orc hits you but does no damage. You block the orc's attack.
You slash the orc!
You kill the orc!
You see here a cursed +0 trident.
d - a scroll labeled PIPEDYE IVESOA Grinder comes into view.
Press: ? - help, v - describe, . - travel, g - get item
Here: Grinder (wandering, hasn't noticed you)
A cursed +0 trident.
The floor, spattered with blood.
Grinder shouts!
Grinder hits you!
* * * LOW HITPOINT WARNING * * *
You writhe in agony.
You die...

... ... #.# #.#
##.##### ... .. #)#
.# #5##.# #.@..#
#.#### #.#####.#
#.......# #.......#
##.......# ##.#######
.........# #...#
##.......# #...#
#........# #รท..#
#........#####...####


You could see Grinder.

Vanquished Creatures
  An adder (D:2)
  A worm (D:2)
  3 dart slugs
  A leopard gecko (D:2)
  An orc (D:3)
  3 bats
  3 giant cockroaches (D:2)
  3 goblins
  8 hobgoblins
  2 jackals (D:1)
  A ball python (D:2)
  2 frilled lizards
  5 kobolds
  6 rats
40 creatures vanquished.

Notes
Turn   | Place    | Note
-------+----------+-------------------------------------------
     0 | D:1      | Clowwww the Ogre Fighter began the quest for the Orb.
     0 | D:1      | Reached XP level 1. HP: 24/24 MP: 1/1
   136 | D:1      | Reached XP level 2. HP: 23/32 MP: 2/2
   977 | D:2      | Reached XP level 3. HP: 37/39 MP: 3/3
  1128 | D:2      | Found a shattered altar of Ashenzari.
  2006 | D:3      | Reached XP level 4. HP: 47/48 MP: 4/4
  2084 | D:3      | Noticed Grinder
  2085 | D:3      | Slain by Grinder

Illustrated notes

Levels and vault maps discovered:
D:1:      wander_arrival_peaceful_grave, layout_basic,
          chequers_serial_rivers_large_a, minmay_misc_feat_rows, st_stairs_4
D:2:      layout_loops_ring, nicolae_overflow_crystal_walls, first_ration
D:3:      layout_loops_cross, makhleb_blood_cavern_becter, uniq_grinder

Skill      XL: |  1  2 |
---------------+-------+-----
Shields        | 3 |  3.2
Dodging        | 3 |  3.1
Fighting       | |  4.2
Axes           | |  2.9
Stealth        | |  0.3

Action                   |  1- 3 |  4- 6 || total
-------------------------+-------+-------++-------
Melee: War axe           |   120 |    16 ||   136
Throw: Boomerang         |    15 |     1 ||    16
  Use: Potion            |       |     1 ||     1
 Stab: Sleeping          |     3 |       ||     3
  Eat: Chunk             |     4 |       ||     4
Armor: Robe              |    37 |     5 ||    42
Dodge: Dodged            |    38 |     3 ||    41
Block: Kite shield       |    57 |     4 ||    61
